 Dungeon Crawl Stone Soup version 0.25-a0-277-g7046ed1b37 (webtiles) character file.

Game seed: 8634676630177875533, levelgen mode: deterministic

114 RedPan the Ruffian (level 4, -2/45 HPs)
             Began as an Ogre Transmuter on Dec 9, 2019.
             Succumbed to Sigmund's poison
             ... on level 2 of the Dungeon.
             The game lasted 00:07:55 (2289 turns).

RedPan the Ruffian (Ogre Transmuter)                Turns: 2289, Time: 00:07:56

Health: -2/45      AC:  2    Str: 14    XL:     4   Next: 98%
Magic:  3/7        EV: 17    Int: 20    God:
Gold:   59         SH:  0    Dex: 14    Spells: 1/7 levels left

rFire    . . .     SeeInvis .     - Unarmed
rCold    . . .     Gourm    .   (shield currently unavailable)
rNeg     . . .     Faith    .   (armour currently unavailable)
rPois    x         Spirit   .   (helmet currently unavailable)
rElec    .         Reflect  .   (cloak currently unavailable)
rCorr    +         Harm     .   (gloves unavailable)
MR       .....                  (boots unavailable)
Stlth    +.........             (no amulet)
HPRegen  0.15/turn              c - -2 ring of evasion (curse)
MPRegen  0.10/turn              i - ring of resist corrosion

@: brilliant, lethally poisoned (-2 -> -89), spider-form, very slightly
contaminated, hasted, very quick
A: tiny, unfitting armour
a: End Transformation


You were on level 2 of the Dungeon.
You were not hungry.
You were a venomous arachnid creature.
You visited 1 branch of the dungeon, and saw 2 of its levels.

You collected 59 gold pieces.

Inventory:

Missiles
 a - 6 arrows
Armour
 b - a +0 robe (melded)
Jewellery
 c - a cursed -2 ring of evasion (left front leg)
 i - a ring of resist corrosion (right front leg)
Scrolls
 f - a scroll of blinking {unknown}
 j - a scroll of remove curse {unknown}
Comestibles
 d - 3 rations
 g - 6 chunks of flesh


   Skills:
 - Level 3.0 Fighting
 - Level 1.7 Dodging
 - Level 4.0 Unarmed Combat
 - Level 2.4 Spellcasting
 + Level 2.3 Transmutations
 + Level 1.2 Poison Magic


You had one spell level left.
You knew the following spells:

 Your Spells              Type           Power        Failure   Level  Hunger
a - Beastly Appendage     Tmut           ###...       2%          1    #......
b - Sticks to Snakes      Tmut           ###.....     2%          2    ##.....
c - Spider Form           Tmut/Pois      ###.......   5%          3    ###....

Your spell library contained the following spells:

 Spells                   Type           Power        Failure   Level  Hunger
 Ice Form                 Ice/Tmut       ###.....     17%         4    #####..
 Blade Hands              Tmut           ###.......   26%         5    ######.


Dungeon Overview and Level Annotations

Branches:
Dungeon (2/15)

Altars:
Qazlal

Annotations:
D:2 Sigmund


Innate Abilities, Weirdness & Mutations

You are too large for most types of armour.
((You have tough skin. (AC +1)))


Message History

Things that are here:
a +0 club; an adder skeleton; an orc skeleton
Casting: Spider Form (safe; 2% risk of failure)
Confirm with . or Enter, or press ? or * to list all spells.
You turn into a venomous arachnid creature.
Your +0 robe melds into your body.
Something hits you!
You are lethally poisoned!
You hit something but do no damage.
You feel very sick.
You barely miss something.
You feel sick. Something hits you!
* * * LOW HITPOINT WARNING * * *
You are more poisoned.
You barely miss something.
* * * LOW HITPOINT WARNING * * *
You feel very sick. Something hits you but does no damage.
You are more poisoned.
You feel yourself speed up.
You die...

#..........###.#..#.#
##...8...8..##.##.#.#
#...........#.##.#<#
#..........⌠#..#.#.#
#...........#......#
##.)8...8..##.##.###
#........###.##.#
##{#########..##.#
#..s)........>)..#
##..)....#########
#######..#####
.........# #######.##
#.# #.# #.# ..#


There were no monsters in sight!

Vanquished Creatures
  An orc priest (D:2)
  2 adders (D:2)
  A dart slug (D:1)
  A worm (D:2)
  A leopard gecko (D:1)
  2 orcs (D:2)
  2 ball pythons (D:1)
  8 goblins
  8 hobgoblins
  6 jackals
  A quokka (D:2)
  5 bats (D:1)
  6 frilled lizards
  6 kobolds
  4 rats
54 creatures vanquished.

Vanquished Creatures (collateral kills)
  An adder (D:2)
  3 orcs (D:2)
4 creatures vanquished.

Grand Total: 58 creatures vanquished

Notes
Turn   | Place    | Note
-------+----------+-------------------------------------------
     0 | D:1      | RedPan the Ogre Transmuter began the quest for the Orb.
     0 | D:1      | Reached XP level 1. HP: 19/19 MP: 3/3
   193 | D:1      | Reached skill level 3 in Unarmed Combat
   193 | D:1      | Reached XP level 2. HP: 17/28 MP: 3/5
   613 | D:1      | Learned a level 2 spell: Sticks to Snakes
   754 | D:1      | Reached XP level 3. HP: 33/36 MP: 2/6
  1648 | D:2      | Reached XP level 4. HP: 35/45 MP: 3/7
  1652 | D:2      | Reached skill level 4 in Unarmed Combat
  1662 | D:2      | Learned a level 3 spell: Spider Form
  1840 | D:2      | Found a stormy altar of Qazlal.
  2134 | D:2      | Reached skill level 1 in Poison Magic
  2268 | D:2      | Noticed Sigmund
  2289 | D:2      | Succumbed to Sigmund's poison

Levels and vault maps discovered:
D:1:      dpeg_arrival_more_subterranean_lakeside_camping, layout_basic,
          minmay_split_cup_small
D:2:      cheibrodos_pilgrimage, layout_loops_corners, grunt_ministairs_11,
          palyth_stone_intersect, grunt_qazlal_clouds, uniq_sigmund

Skill      XL: |  1  2  3  4 |
---------------+-------------+-----
Fighting       | 2 3 |  3.0
Unarmed Combat | 3 4 |  4.0
Transmutations | 2 |  2.3
Poison Magic   | 1 |  1.2
Dodging        | |  1.7
Spellcasting   | |  2.4

Action                   |  1- 3 |  4- 6 || total
-------------------------+-------+-------++-------
Melee: Unarmed           |   122 |    59 ||   181
       Kick              |     7 |     4 ||    11
       Headbutt          |    10 |     3 ||    13
       Punch             |     1 |     1 ||     2
 Cast: Beastly Appendage |    38 |     7 ||    45
       Sticks to Snakes  |     4 |     2 ||     6
       Spider Form       |       |     1 ||     1
  Use: Scroll            |     1 |       ||     1
       Potion            |       |     2 ||     2
  Eat: Chunk             |     3 |     3 ||     6
Armor: Robe              |    39 |    22 ||    61
       Skin              |       |     1 ||     1
Dodge: Dodged            |    65 |    25 ||    90

Table legend:
 A = Non-vault XP
 B = Vault XP
 C = Vault XP percentage of total XP
 D = Non-vault monster count
 E = Vault monster count
 F = Vault count percentage of total count
                 A         B        C        D         E       F
            +---------+---------+-------+---------+---------+-------
      Total |     109 |      55 |  33.5 |      49 |       9 |  15.5
            +---------+---------+-------+---------+---------+-------
        D:1 |      52 |       7 |  11.9 |      33 |       3 |   8.3
        D:2 |      57 |      48 |  45.7 |      16 |       6 |  27.3
            +---------+---------+-------+---------+---------+-------
